 Dungeon Crawl Stone Soup version 0.31.0-9-g3a7656b989 (webtiles) character file.

Game seed: 13406304996678638674

84 qw the Shooter (level 4, 0/25 HPs)
             Began as a Deep Elf Hunter on Feb 2, 2024.
             Killed from afar by Ijyb (3 damage)
             ... with a puff of flame
             ... on level 3 of the Dungeon.
             The game lasted 00:00:06 (1259 turns).

qw the Shooter (Deep Elf Hunter)                    Turns: 1259, Time: 00:00:06

Health: 0/25       AC:  7    Str: 10    XL:     4   Next: 24%
Magic:  6/6        EV:  9    Int: 14    God:
Gold:   122        SH:  0    Dex: 18    Spells: 3/3 levels left

rFire   . . .        a - +0 shortbow
rCold   . . .        (shield currently unavailable)
rNeg    . . .        j - +0 scale mail
rPois   .            (no helmet)
rElec   .            (no cloak)
rCorr   .            d - +0 pair of gloves
SInv    .            (no boots)
Will    +....        (no amulet)
Stlth   +            k - ring of willpower
HPRegen 0.24/turn    (no ring)
MPRegen 0.10/turn

%: no passive effects
@: no status effects
A: no striking features
a: no special abilities


You were on level 3 of the Dungeon.
You visited 1 branch of the dungeon, and saw 3 of its levels.

You collected 122 gold pieces.


   Skills:
 - Level 1.5 Fighting
 + Level 7.7 Ranged Weapons
 - Level 2.4 Dodging
 - Level 1.2 Stealth


You had 3 spell levels left.
You didn't know any spells.
Your spell library was empty.

Inventory:

Hand Weapons
 a - a +0 shortbow (weapon)
Armour
 d - a +0 pair of gloves (worn)
 j - a +0 scale mail (worn)
Jewellery
 k - a ring of willpower (left hand)
Scrolls
 b - a scroll of identify {unknown}
 c - a scroll of acquirement {unknown}
Potions
 e - a potion of cancellation
 f - a potion of mutation {unknown}
 g - a potion of invisibility {unknown}
 h - a potion of attraction {unknown}

Dungeon Overview and Level Annotations

Branches:
Dungeon (3/15)

Altars:

Annotations:
D:3 Ijyb


Message History

The ribbon worm closely misses you.
You shoot an arrow.
The arrow completely misses the ribbon worm.
The ribbon worm expels a string of sticky webbing.
The stream of webbing misses you.
You shoot an arrow.
The arrow hits the ribbon worm but does no damage.
The ribbon worm is severely wounded.
The ribbon worm closely misses you.
You shoot an arrow.
The arrow hits the ribbon worm but does no damage.
The ribbon worm is heavily wounded.
The ribbon worm bites you but does no damage.
You shoot an arrow. The arrow hits the ribbon worm!
You kill the ribbon worm!
Ijyb zaps a wand.
The puff of flame hits you!
You shoot an arrow. The arrow barely misses Ijyb.
Ijyb hits you but does no damage.
You shoot an arrow. The arrow closely misses Ijyb.
Ijyb hits you but does no damage.
Ijyb grins evilly.
Ijyb hits you but does no damage.
You shoot an arrow. The arrow barely misses Ijyb.
Ijyb barely misses you.
You shoot an arrow. The arrow hits Ijyb but does no damage.
Ijyb zaps a wand.
The puff of flame hits you!
You shoot an arrow. The arrow hits Ijyb.
Ijyb is lightly wounded.
Ijyb zaps a wand.
The puff of flame hits you but does no damage.
Ijyb hits you with a +0 dagger.
You shoot an arrow. The arrow hits Ijyb but does no damage.
Ijyb is lightly wounded.
Ijyb hits you but does no damage.
You shoot an arrow. The arrow barely misses Ijyb.
Ijyb hits you but does no damage.
You shoot an arrow. The arrow hits Ijyb but does no damage.
Ijyb is lightly wounded.
Ijyb zaps a wand.
The puff of flame hits you.
You die...

###########
####.........# #
#............# #
#............# #
#............# #
#............#
########.##.........#
...............#@####
.................g......
######....<..#.#.###...#
#.....###.#.# .. #.....#
#.#.# #####.# #.#.# ##
..##.#.# .. ...# #+# ..
...


You could see Ijyb.

Vanquished Creatures
  A gnoll (D:1)
  2 adders
  3 dart slugs (D:1)
  A ribbon worm (D:3)
  5 endoplasms
  A giant cockroach (D:1)
  5 goblins
  6 hobgoblins
  3 quokkas
  5 ball pythons
  5 bats
  4 frilled lizards
  5 kobolds
  A rat (D:2)
47 creatures vanquished.

Notes
Turn   | Place    | Note
-------+----------+-------------------------------------------
     0 | D:1      | qw the Deep Elf Hunter began the quest for the Orb.
     0 | D:1      | Reached XP level 1. HP: 12/12 MP: 3/3
     0 | D:1      | 0 ||| qw: Version: 0.3-a-155-g5e7d8dd
     0 | D:1      | 0 ||| qw: Game counter: 1525
     0 | D:1      | 0 ||| qw: Melee chars always use a shield: true
     0 | D:1      | 0 ||| qw: God list: Okawaru
     0 | D:1      | 0 ||| qw: Allow faded altars: false
     0 | D:1      | 0 ||| qw: Do Orc after clearing Dungeon:15 true
     0 | D:1      | 0 ||| qw: Do second Lair branch before Depths: true
     0 | D:1      | 0 ||| qw: Lair rune preference: random
     0 | D:1      | 0 ||| qw: Goals: Normal
     0 | D:1      | 0 ||| PLANNING D:1-11
    25 | D:1      | 25 ||| RETREEEEATING.
    26 | D:1      | 26 ||| RETREEEEATING.
    27 | D:1      | 27 ||| RETREEEEATING.
    28 | D:1      | 28 ||| RETREEEEATING.
    29 | D:1      | 29 ||| RETREEEEATING.
    32 | D:1      | Reached XP level 2. HP: 11/16 MP: 4/4
    34 | D:1      | Reached skill level 6 in Ranged Weapons
   232 | D:1      | Reached XP level 3. HP: 20/20 MP: 5/5
   350 | D:1      | Reached skill level 7 in Ranged Weapons
   420 | D:1      | 420 ||| UPGRADING to +0 pair of gloves.
   425 | D:1      | 425 ||| DROPPING scroll of butterflies.
   573 | D:2      | Found a faded altar of an unknown god.
   965 | D:2      | Reached XP level 4. HP: 17/25 MP: 6/6
  1095 | D:2      | 1095 ||| UPGRADING to +0 scale mail.
  1105 | D:2      | 1105 ||| DROPPING +0 leather armour.
  1106 | D:2      | 1106 ||| UPGRADING to ring of willpower.
  1107 | D:2      | 1107 ||| READING scroll labelled PEPIFESMEIHA.
  1110 | D:2      | 1110 ||| READING scroll labelled EMEGAI ATTIAS.
  1111 | D:2      | 1111 ||| READING scroll labelled QIENIFF ZUES.
  1112 | D:2      | 1112 ||| DRINKING 2 fizzy cyan potions.
  1122 | D:3      | 1122 ||| PLANNING SEWER
  1240 | D:3      | Noticed Ijyb
  1255 | D:3      | HP: 6/25 [Ijyb/puff of flame (10)]
  1256 | D:3      | HP: 2/25 [Ijyb/+0 dagger (4)]
  1259 | D:3      | Killed from afar by Ijyb

Levels and vault maps discovered:
D:1:      minmay_arrival_plants_in_alcoves, layout_rooms
D:2:      layout_loops_ring, basic_ecumenical_altar, st_stairs_5
D:3:      layout_basic, portal_sewer_entry_f, uniq_ijyb

Skill      XL: |  1  2  3 |
---------------+----------+-----
Ranged Weapons | 6 7 |  7.7
Fighting       | |  1.5
Dodging        | |  2.4
Stealth        | |  1.2

Action                     |  1- 3 |  4- 6 || total
---------------------------+-------+-------++-------
   Fire: Shortbow          |   101 |    29 ||   130
    Use: Scroll            |       |     3 ||     3
         Potion            |       |     1 ||     1
 Armour: Leather armour    |    14 |       ||    14
         Scale mail        |       |    20 ||    20
  Dodge: Dodged            |    14 |     8 ||    22

Table legend:
 A = Non-vault XP
 B = Vault XP
 C = Vault XP percentage of total XP
 D = Non-vault monster count
 E = Vault monster count
 F = Vault count percentage of total count
                 A         B        C        D         E       F
            +---------+---------+-------+---------+---------+-------
      Total |     118 |       3 |   2.5 |      45 |       2 |   4.3
            +---------+---------+-------+---------+---------+-------
        D:1 |      64 |       0 |   0.0 |      27 |       0 |   0.0
        D:2 |      33 |       3 |   8.3 |      14 |       2 |  12.5
        D:3 |      21 |       0 |   0.0 |       4 |       0 |   0.0
            +---------+---------+-------+---------+---------+-------
